 Dungeon Crawl Stone Soup version 0.21-a0-344-g2144152 (webtiles) character file.

853 Hasart the Spear-Bearer (level 8, -6/52 HPs)
             Began as an Octopode Fighter on Oct 4, 2017.
             Killed from afar by Natasha (10 damage)
             ... with a magic dart
             ... on level 4 of the Dungeon.
             The game lasted 00:04:45 (3155 turns).

Hasart the Spear-Bearer (Octopode Fighter)          Turns: 3155, Time: 00:04:46

Health: -6/52      AC:  3    Str: 17    XL:     8   Next: 1%
Magic:  17/17      EV: 11    Int: 10    God:
Gold:   183        SH:  9    Dex: 12    Spells: 7/7 levels left

rFire    . . .     SeeInvis .   a - +0 trident
rCold    . . .     Gourm    .   b - +0 shield
rNeg     . . .     Faith    .   e - +2 hat
rPois    .         Spirit   .   x - amulet of magic regeneration
rElec    .         Reflect  .   i - ring of flight
rCorr    .         Harm     .   m - ring of stealth
MR       .....                  j - ring of magical power
Stlth    +++.......             (no ring)
HPRegen  0.17/turn              (no ring)
MPRegen  0.40/turn              (no ring)
                                (no ring)
                                (no ring)

@: no status effects
A: almost no armour, stealthy swim, amphibious, 8 rings, constrict 8, camouflage
1, gelatinous body 1
a: Evoke Flight


You were on level 4 of the Dungeon.
You were not hungry.

You visited 1 branch of the dungeon, and saw 5 of its levels.

You collected 183 gold pieces.

Inventory:

Hand Weapons
 a - a +0 trident (weapon)
Armour
 b - a +0 shield (worn)
 e - a +2 hat (worn)
Jewellery
 i - a ring of flight (left tentacle)
 j - a ring of magical power (on tentacle)
 m - a ring of stealth (right tentacle)
 x - an amulet of magic regeneration (around mantle)
Scrolls
 h - 3 scrolls of remove curse {unknown}
 l - 5 scrolls of identify {unknown}
 n - a scroll of magic mapping {unknown}
 o - a scroll of recharging {unknown}
 p - 4 scrolls of teleportation {unknown}
 t - a scroll of enchant weapon {unknown}
 w - a scroll of blinking {unknown}
 y - a scroll of random uselessness {unknown}
 z - a scroll of amnesia {unknown}
Potions
 c - a potion of might
 f - a potion of brilliance {unknown}
 g - 3 potions of curing {unknown}
 k - a potion of berserk rage {unknown}
 q - a potion of ambrosia {unknown}
Comestibles
 d - 2 bread rations
 r - 2 royal jellies
 s - 3 meat rations
 u - 3 fruits
 v - a chunk of flesh


   Skills:
 - Level 3.0 Fighting
 + Level 9.0 Polearms
 - Level 3.0 Dodging
 - Level 3.0 Shields


You had 7 spell levels left.
You didn't know any spells.

Dungeon Overview and Level Annotations

Branches:
Dungeon (5/15)
 Temple: D:4-7

Altars:
Ashenzari
Nemelex Xobeh
Xom

Annotations:
D:4 Natasha; tidbits's ghost, amateur GnSk


Innate Abilities, Weirdness & Mutations

You cannot wear most types of armour.
You are very stealthy in the water. (Stealth+)
You are amphibious.
You can wear up to eight rings at the same time.
You can use your tentacles to constrict eight enemies at once.
Your skin changes colour to match your surroundings (Stealth+).
Your rubbery body absorbs attacks. (AC +1, EV +1)


Message History

You have reached level 8!
Natasha barely misses you.
You puncture Natasha! Your grab misses Natasha.
Natasha is severely wounded.
Natasha claws you.
* * * LOW HITPOINT WARNING * * *
Unknown command.
You barely miss Natasha. Your grab misses Natasha. Your squeeze misses Natasha.
Natasha is severely wounded.
You block the shadow imp's attack. Natasha claws you.
* * * LOW HITPOINT WARNING * * *
Unknown command.
You closely miss Natasha. Your grab misses Natasha.
Your squeeze misses Natasha.
Natasha is severely wounded.
The shadow imp gestures at you.
You struggle to resist.
Natasha casts a spell at you. The magic dart hits you!
You die...

# #.....#####.#####
#................
#................
#.....#####.##### ###
#.....# #.#.... ....
#.....# #.#..## .....
###########.....<
......##........<.......
.....Z5@................
.....#h#......##.#......
... #.#......##.#.##...
. .#..................
............####.##..#
............# #....)..
............###....#.#
............#......+..
#............#.#..(.###


You could see Natasha, a shadow imp and a howler monkey skeleton.

Vanquished Creatures
  A water moccasin (D:5)
  A phantom (D:5)
  4 ogres
  A crimson imp (D:5)
  3 hounds
  2 bullfrog skeletons (D:5)
  A worker ant (D:5)
  5 adders
  A gnoll (D:3)
  A shadow imp (D:5)
  An ooze (D:3)
  A worm (D:3)
  3 leopard geckos
  An orc (D:5)
  A giant cockroach (D:2)
  5 hobgoblins
  5 jackals (D:2)
  A quokka (D:3)
  2 ball pythons
  5 bats
  3 frilled lizards
  7 goblins
  7 kobolds
  5 rats
67 creatures vanquished.

Notes
Turn   | Place    | Note
-------+----------+-------------------------------------------
     0 | D:1      | Hasart the Octopode Fighter began the quest for the Orb.
     0 | D:1      | Reached XP level 1. HP: 16/16 MP: 1/1
   397 | D:1      | Reached XP level 2. HP: 17/21 MP: 2/2
   606 | D:1      | Reached skill level 3 in Polearms
   871 | D:2      | Reached XP level 3. HP: 23/26 MP: 3/3
  1236 | D:2      | Found a shimmering altar of Xom.
  1444 | D:2      | Reached skill level 4 in Polearms
  1650 | D:3      | Reached XP level 4. HP: 31/31 MP: 4/4
  1709 | D:3      | Noticed an ogre
  1717 | D:3      | Killed an ogre
  1717 | D:3      | Reached skill level 5 in Polearms
  1717 | D:3      | Reached XP level 5. HP: 36/36 MP: 5/5
  1910 | D:3      | Reached skill level 6 in Polearms
  1910 | D:3      | Reached XP level 6. HP: 37/42 MP: 6/6
  2590 | D:4      | Noticed tidbits's ghost (amateur GnSk)
  2606 | D:5      | Entered Level 5 of the Dungeon
  2628 | D:5      | Reached skill level 7 in Polearms
  2647 | D:5      | Reached XP level 7. HP: 31/46 MP: 7/7
  2707 | D:5      | Found a shattered altar of Ashenzari.
  2708 | D:5      | Found a sparkling altar of Nemelex Xobeh.
  2823 | D:5      | Reached skill level 8 in Polearms
  3142 | D:4      | Noticed Natasha
  3152 | D:4      | Reached skill level 9 in Polearms
  3152 | D:4      | Reached XP level 8. HP: 11/52 MP: 8/8
  3155 | D:4      | Killed from afar by Natasha

Vault maps used:
D:1:      scummos_arrival_checkerplants
D:2:      lemuel_doored_altar
D:3:      cheibrodos_gnoll_hut
D:4:      first_bread, uniq_natasha
D:5:      amethyst_overflow_temple_binary

Skill      XL: |  1  2  3  4  5  6  7 |
---------------+----------------------+-----
Polearms       | 3 4 5 6 7 9 |  9.0
Fighting       | |  3.0
Dodging        | |  3.0
Shields        | |  3.0

Action                   |  1- 3 |  4- 6 |  7- 9 || total
-------------------------+-------+-------+-------++-------
Melee: Trident           |    74 |    53 |    40 ||   167
       Constrict         |    16 |    11 |     5 ||    32
       Tentacles         |     7 |    11 |     9 ||    27
 Stab: Sleeping          |     7 |     8 |     2 ||    17
       Distracted        |       |     1 |       ||     1
  Eat: Chunk             |     2 |     3 |     2 ||     7
Armor: Skin              |    11 |     7 |       ||    18
Dodge: Dodged            |    28 |    12 |    10 ||    50
Block: Shield            |    38 |    20 |    11 ||    69

Table legend:
 A = Spawn XP
 B = Non-spawn XP
 C = Spawn XP percentage of total XP
 D = Spawn monster count
 E = Non-spawn monster count
 F = Spawn count percentage of total count
 G = Total turns spent on level
                    A         B        C        D         E        F      G
               +---------+---------+-------+---------+---------+-------+---------
         Total |       0 |    1219 |   0.0 |       0 |      67 |   0.0 |  3155
               +---------+---------+-------+---------+---------+-------+---------
           D:1 |       0 |      24 |   0.0 |       0 |      13 |   0.0 |   829
           D:2 |       0 |      45 |   0.0 |       0 |      21 |   0.0 |   694
           D:3 |       0 |     280 |   0.0 |       0 |      19 |   0.0 |   858
           D:4 |       0 |     261 |   0.0 |       0 |       3 |   0.0 |   270
           D:5 |       0 |     609 |   0.0 |       0 |      11 |   0.0 |   504
               +---------+---------+-------+---------+---------+-------+---------
